 Dungeon Crawl Stone Soup version 0.20-a0-217-g17e8ceb (webtiles) character file.

85 feito the Digger (level 4, -1/21 HPs)
             Began as a Spriggan Earth Elementalist on Nov 28, 2016.
             Killed by nerve-wracking pain
             ... invoked by Grinder
              (10 damage)
             ... on level 3 of the Dungeon.
             The game lasted 00:15:22 (2199 turns).

feito the Digger (Spriggan Earth Elementalist)      Turns: 2199, Time: 00:15:23

Health: -1/21      AC:  5    Str:  4      XL:     4   Next: 25%
Magic:  1/10       EV: 18    Int: 17      God:
Gold:   94         SH:  0    Dex: 14 (16) Spells: 6/10 levels left

rFire  + . .     SeeInvis +     a - +3 dagger (freeze)
rCold  . . .     Gourm    .     c - +0 robe
rNeg   . . .     Faith    .     (shield restricted)
rPois  +         Spirit   .     (helmet restricted)
rElec  .         Reflect  .     o - +2 cloak {rPois}
rCorr  .         Harm     .     (gloves unavailable)
MR     .....                    (boots unavailable)
Stlth  ++........               (no amulet)
                                (no ring)
                                l - ring of protection from fire

@: very slightly contaminated, very quick
A: unfitting armour, see invisible, herbivore 3, speed 3, slow metabolism 2
a: no special abilities


You were on level 3 of the Dungeon.
You were not hungry.

You visited 1 branch of the dungeon, and saw 3 of its levels.

You collected 94 gold pieces.

Inventory:

Hand Weapons
 a - a +3 dagger of freezing (weapon)
 k - a +0 shortbow of flaming
Missiles
 b - 70 stones (quivered)
Armour
 c - a +0 robe (worn)
 o - a +2 cloak of poison resistance (worn)
Jewellery
 l - a ring of protection from fire (left hand)
 n - a +4 amulet of reflection {unknown}
Scrolls
 f - 2 scrolls of magic mapping
 h - 2 scrolls of remove curse
 m - 5 scrolls of recharging {unknown}
Potions
 i - a potion of curing {unknown}
 j - a potion of heal wounds
 p - a potion of berserk rage {unknown}
Books
 e - a book of Geomancy

   Spells                             Type                      Level
   a - Sandblast                      Earth                        1
   b - Passwall                       Transmutation/Earth          2
   c - Stone Arrow                    Conjuration/Earth            3
   d - Petrify                        Transmutation/Earth          4
   e - Lee's Rapid Deconstruction     Earth                        5
Comestibles
 d - 2 bread rations
 g - a royal jelly


   Skills:
 + Level 3.6 Dodging
 + Level 3.2 Stealth
 + Level 3.8 Spellcasting
   Level 1.3 Transmutations
 + Level 3.8 Earth Magic


You had 6 spell levels left.
You knew the following spells:

 Your Spells              Type           Power        Failure   Level  Hunger
a - Sandblast             Erth           ###...       3%          1    None
b - Stone Arrow           Conj/Erth      #.....       24%         3    ###....


Dungeon Overview and Level Annotations

Branches:
Dungeon (3/15)

Altars:
Ashenzari
Okawaru

Annotations:
D:3 Grinder


Innate Abilities, Weirdness & Mutations

You are very small and have problems with some larger weapons.
You are too small for most types of armour.
You have supernaturally acute eyesight. (SInv)
You are a herbivore.
You cover ground extremely quickly.
You need consume almost no food.


Message History

Grinder barely misses you.
You closely miss Grinder.
Grinder is severely wounded.
Grinder closely misses you.
You hit Grinder.
Grinder is severely wounded.
Grinder misses you.
You barely miss Grinder.
Grinder is severely wounded.
Grinder hits you.
You writhe in agony.
You barely miss Grinder.
Grinder is severely wounded.
Grinder says, "You look like you could use a good racking."
Grinder hits you.
* * * LOW HITPOINT WARNING * * *
It was a potion of heal wounds.
You feel much better. Grinder hits you.
You writhe in agony.
Grinder gestures at you. Pain shoots through your body!
You die...

#.g #.. # #.. ### +.#
#.###.####..# ##
#..........# #.
######.g#### #. ##5#
#. #####.##### ###.
#...@.....########...
#.###............'...
#.# #......#######...
#.# #......# #... #.#
######.# #... #.# #.#
#### #.# #.# #.# #.#
#.# #.#


You could see Grinder and a goblin.

Vanquished Creatures
  Crazy Yiuf (D:2)
  3 adders
  A worm (D:2)
  A dart slug (D:2)
  An orc (D:3)
  A giant cockroach (D:2)
  3 goblins
  4 jackals
  4 bats (D:2)
  4 frilled lizards
  A kobold (D:1)
  5 rats
29 creatures vanquished.

Notes
Turn   | Place    | Note
-------+----------+-------------------------------------------
     0 | D:1      | feito the Spriggan Earth Elementalist began the quest for the Orb.
     0 | D:1      | Reached XP level 1. HP: 9/9 MP: 5/5
   426 | D:1      | Reached XP level 2. HP: 1/13 MP: 0/6
   829 | D:2      | Found an iron altar of Okawaru.
   851 | D:2      | Found a shattered altar of Ashenzari.
   935 | D:2      | Reached XP level 3. HP: 16/16 MP: 0/8
  1355 | D:2      | Found a runed door.
  1481 | D:2      | Learned a level 3 spell: Stone Arrow
  1800 | D:2      | Noticed Crazy Yiuf
  1842 | D:2      | Killed Crazy Yiuf
  1842 | D:2      | Reached XP level 4. HP: 16/21 MP: 0/10
  2167 | D:3      | Noticed Grinder
  2199 | D:3      | Killed from afar by Grinder

Vault maps used:
D:1:      dpeg_arrival_stone_temple_mockup
D:2:      lemuel_doored_altar, okawaru_ov_weapons_minmay,
          minmay_split_cup_small, uniq_crazy_yiuf_cottage
D:3:      gup_sewer_entry_bowl, uniq_grinder, uniq_sigmund

Skill      XL: |  1  2 |
---------------+-------+-----
Earth Magic    | 3 |  3.8
Spellcasting   | 3 |  3.8
Dodging        | |  3.6
Stealth        | |  3.2
Transmutations | |  1.3

Action                   |  1- 3 |  4- 6 || total
-------------------------+-------+-------++-------
Melee: Dagger            |    29 |    12 ||    41
 Cast: Sandblast         |    62 |     8 ||    70
       Stone Arrow       |     3 |     4 ||     7
  Use: Potion            |     1 |     1 ||     2
       Scroll            |     3 |       ||     3
Armor: Robe              |     3 |     3 ||     6
Dodge: Dodged            |    52 |    12 ||    64
